 Dungeon Crawl Stone Soup version 0.29.0-4-gdea44cf6ec (webtiles) character file.

Game seed: 11371042209875404570

4 qw the Caller (level 1, -1/14 HPs)
             Began as a Ghoul Summoner on Sept 9, 2022.
             Slain by a goblin
             ... wielding a +0 club
              (3 damage)
             ... on level 1 of the Dungeon.
             The game lasted 00:00:04 (96 turns).

qw the Caller (Ghoul Summoner)                        Turns: 96, Time: 00:00:04

Health: -1/14      AC:  2    Str: 11    XL:     1   Next: 60%
Magic:  0/2        EV: 12    Int: 10    God:
Gold:   0          SH:  0    Dex:  9    Spells: 2/3 levels left

rFire   . . .      SeeInvis .   c - +0 hand axe
rCold   + . .      Faith    .   (no shield)
rNeg    + + +      Spirit   .   a - +0 robe
rPois   inf        Reflect  .   (no helmet)
rElec   .          Harm     .   (no cloak)
rCorr   .          Rampage  .   (no gloves)
Will    .....                   (no boots)
Stlth   ++........              (no amulet)
HPRegen 0.00/turn               (no ring)
MPRegen 0.08/turn               (no ring)

@: inhibited regen
A: claws 1, cold resistance 1, negative energy resistance 3, inhibited
regeneration, torment resistance 2, devour on kill
a: no special abilities


You were on level 1 of the Dungeon.
You visited 1 branch of the dungeon, and saw 1 of its levels.


Innate Abilities, Weirdness & Mutations

You are immune to poison.
You have sharp fingernails.
Your flesh is cold resistant. (rC+)
You are immune to negative energy. (rN+++)
You do not regenerate when monsters are visible.
You are immune to unholy pain and torment.
You thrive by killing the living.


   Skills:
 + Level 0.0 Fighting
 - Level 1.0 Axes
 - Level 1.7 Dodging
 - Level 2.1 Stealth
 - Level 1.7 Spellcasting
 - Level 3.6 Summonings


You had 2 spell levels left.
You knew the following spells:

 Your Spells              Type           Power      Damage    Failure   Level
a - Summon Small Mammal   Summ           32%        N/A       8%          1

Your spell library contained the following spells:

 Spells                   Type           Power      Damage    Failure   Level
 Call Imp                 Summ           8%         N/A       11%         2
 Call Canine Familiar     Summ           8%         N/A       22%         3
 Summon Guardian Golem    Hex/Summ       4%         N/A       43%         3
 Summon Lightning Spire   Summ/Air       4%         N/A       83%         4

Inventory:

Hand Weapons
 c - a +0 hand axe (weapon)
Armour
 a - a +0 robe (worn)
Potions
 b - a potion of magic
 d - a potion of lignification {unknown}

Dungeon Overview and Level Annotations

Branches:
Dungeon (1/15)

Altars:


Message History

You feel better.
Your rat barely misses the kobold.
The kobold closely misses you.
You hit the kobold.
The kobold is severely wounded.
Your rat closely misses the kobold.
The kobold hits you but does no damage.
You closely miss the kobold.
The kobold is severely wounded.
Your rat closely misses the kobold.
The kobold hits you with a +0 dagger.
You closely miss the kobold.
The kobold is moderately wounded.
Your rat closely misses the kobold.
The kobold hits you with a +0 dagger.
Your rat closely misses the kobold.
You closely miss the kobold.
The kobold is moderately wounded.
The kobold hits you with a +0 dagger.
Your rat barely misses the kobold.
The kobold hits you with a +0 dagger.
You hit the kobold but do no damage.
The kobold is moderately wounded.
Your rat bites the kobold but does no damage.
The kobold hits you with a +0 dagger.
You hit the kobold.
You kill the kobold!
Your Axes skill increases to level 1!
You start resting.
A goblin is nearby!
93 ||| CASTING Summon Small Mammal
Casting: Summon Small Mammal (safe; 8% risk of failure)
Confirm with . or Enter, or press ? or * to list all spells.
The goblin closely misses your rat.
94 ||| CASTING Summon Small Mammal
Casting: Summon Small Mammal (safe; 8% risk of failure)
Confirm with . or Enter, or press ? or * to list all spells.
Your rat disappears in a puff of smoke!
The goblin hits your bat with a +0 club.
Your bat closely misses the goblin.
Your bat hits the goblin. You closely miss the goblin.
The goblin is moderately wounded.
Your bat hits the goblin. The goblin hits you with a +0 club.
You die...

#######>...........###...
#.########.#..##..<
#)#####....##.##...
#.....+....##..#..(
###.#####....###.#...
#......##........#...
#......##........#..#
#..r...# ............
#..b@..# ####....####
###g#### #....#
#¤¤....K.. #....#
#......B.. #....#
#......... #....#
#......... #....#
#........g #####
#......... #.........


You could see a goblin (ally target), a friendly bat (summoned) and a friendly
rat (summoned).

Vanquished Creatures
  A giant cockroach (D:1)
  A goblin (D:1)
  A bat (D:1)
  A kobold (D:1)
4 creatures vanquished.

Notes
Turn   | Place    | Note
-------+----------+-------------------------------------------
     0 | D:1      | qw the Ghoul Summoner began the quest for the Orb.
     0 | D:1      | Reached XP level 1. HP: 14/14 MP: 2/2
     0 | D:1      | 0 ||| qw: Version: 0.1-a-113-g051387a
     0 | D:1      | 0 ||| qw: Game counter: 7175
     0 | D:1      | 0 ||| qw: Always use a shield: true
     0 | D:1      | 0 ||| qw: God list: Okawaru
     0 | D:1      | 0 ||| qw: Allow faded altars: false
     0 | D:1      | 0 ||| qw: Do Orc after D:15 true
     0 | D:1      | 0 ||| qw: Do second Lair branch before Depths: true
     0 | D:1      | 0 ||| qw: Lair rune preference: random
     0 | D:1      | 0 ||| qw: Plans: Normal
     0 | D:1      | 0 ||| PLANNING D:1-11
    13 | D:1      | 13 ||| Wielding weapon +0 hand axe.
    35 | D:1      | 35 ||| CASTING Summon Small Mammal
    36 | D:1      | 36 ||| CASTING Summon Small Mammal
    69 | D:1      | 69 ||| CASTING Summon Small Mammal
    70 | D:1      | 70 ||| Stepping ~*~*~tactically~*~*~ (stealth).
    83 | D:1      | HP: 2/14 [kobold/+0 dagger (2)]
    85 | D:1      | Reached skill level 1 in Axes
    93 | D:1      | 93 ||| CASTING Summon Small Mammal
    94 | D:1      | 94 ||| CASTING Summon Small Mammal
    96 | D:1      | Slain by a goblin

Levels and vault maps discovered:
D:1:      dpeg_arrival_pond, layout_basic, patterned_corridor

Skill      XL: |  1 |
---------------+----+-----
Axes           | 1 |  1.0
Dodging        | |  1.7
Stealth        | |  2.1
Spellcasting   | |  1.7
Summonings     | |  3.6

Action                   || total
-------------------------++-------
Melee: Hand axe          ||    16
 Cast: Summon Small Mamm ||     5
Armor: Robe              ||     3
Dodge: Dodged            ||     7

Table legend:
 A = Non-vault XP
 B = Vault XP
 C = Vault XP percentage of total XP
 D = Non-vault monster count
 E = Vault monster count
 F = Vault count percentage of total count
                 A         B        C        D         E       F
            +---------+---------+-------+---------+---------+-------
      Total |       6 |       0 |   0.0 |       4 |       0 |   0.0
            +---------+---------+-------+---------+---------+-------
        D:1 |       6 |       0 |   0.0 |       4 |       0 |   0.0
            +---------+---------+-------+---------+---------+-------
